 Dungeon Crawl Stone Soup version 0.21-a0-442-g848f44b (webtiles) character file.

327 theanonym the Chiller (level 6, -4/41 HPs)
             Began as a Demonspawn Ice Elementalist on Nov 12, 2017.
             Slain by Menkaure (16 damage)
             ... on level 3 of the Dungeon.
             The game lasted 00:11:03 (5086 turns).

theanonym the Chiller (Demonspawn Ice Elementalist) Turns: 5086, Time: 00:11:04

Health: -4/41      AC:  7    Str:  8    XL:     6   Next: 24%
Magic:  0/12       EV: 12    Int: 19    God:
Gold:   134        SH:  0    Dex: 16    Spells: 5/13 levels left

rFire    . . .     SeeInvis .   i - +0 dagger
rCold    . . .     Gourm    .   (no shield)
rNeg     . . .     Faith    .   a - +0 robe
rPois    .         Spirit   +   (no helmet)
rElec    .         Reflect  .   (no cloak)
rCorr    .         Harm     .   w - +1 pair of gloves
MR       .....                  (no boots)
Stlth    ++........             (no amulet)
HPRegen  0.13/turn              o - +3 ring of dexterity
MPRegen  0.13/turn              (no ring)

@: no status effects
A: talons 1, molten scales 2, magic shield
a: no special abilities


Innate Abilities, Weirdness & Mutations

You have sharp toenails.
You are mostly covered in molten scales. (AC +3)
When hurt, damage is shared between your health and your magic reserves.


   Skills:
 - Level 1.8 Dodging
 - Level 1.8 Stealth
 - Level 4.0 Spellcasting
 - Level 1.0 Conjurations
 + Level 5.3 Ice Magic


You had 5 spell levels left.
You knew the following spells:

 Your Spells              Type           Power        Failure   Level  Hunger
a - Freeze                Ice            ###.         1%          1    None
b - Throw Icicle          Conj/Ice       ###.....     36%         4    ####...
g - Ozocubu's Armour      Chrm/Ice       ##......     14%         3    ###....

Skill      XL: |  1  2  3  4  5 |
---------------+----------------+-----
Ice Magic      | 3 4 5 |  5.3
Spellcasting   | 3 4 |  4.0
Dodging        | |  1.8
Stealth        | |  1.8
Conjurations   | |  1.0

Action                   |  1- 3 |  4- 6 || total
-------------------------+-------+-------++-------
Melee: Dagger            |    48 |    96 ||   144
       Short sword       |     1 |       ||     1
       Unarmed           |     1 |       ||     1
       Kick              |     8 |    27 ||    35
 Cast: Freeze            |    49 |    72 ||   121
  Use: Scroll            |       |     6 ||     6
       Potion            |       |     1 ||     1
 Stab: Sleeping          |     6 |     2 ||     8
  Eat: Chunk             |     4 |     9 ||    13
Armor: Robe              |     8 |    38 ||    46
Dodge: Dodged            |    51 |    85 ||   136

Inventory:

Hand Weapons
 i - a +0 dagger (weapon)
   (You took it off a goblin on level 1 of the Dungeon)
Armour
 a - a +0 robe (worn)
 w - a +1 pair of gloves (worn)
   (You found it on level 3 of the Dungeon)
Jewellery
 o - a +3 ring of dexterity (left hand)
   (You took it off a hobgoblin on level 1 of the Dungeon)
Scrolls
 e - a scroll of recharging {unknown}
 h - a scroll of remove curse
 m - 3 scrolls of identify {unknown}
Potions
 d - a potion of cancellation {unknown}
 f - a potion of haste {unknown}
 q - a potion of heal wounds {unknown}
 r - 2 potions of curing
 v - a potion of might {unknown}
Books
 b - a book of Frost

   Spells                             Type                      Level
   a - Freeze                         Ice                          1
   b - Throw Frost                    Conjuration/Ice              2
   c - Ozocubu's Armour               Charms/Ice                   3
   d - Throw Icicle                   Conjuration/Ice              4
   e - Summon Ice Beast               Ice/Summoning                4
Comestibles
 c - a bread ration
 g - 2 royal jellies
 n - a meat ration
 s - 2 fruits

Dungeon Overview and Level Annotations

Branches:
Dungeon (4/15)
 Temple: D:4-7

Altars:
Elyvilon
Gozag
Nemelex Xobeh
Vehumet
Zin

Annotations:
D:3 Menkaure; Scuka's ghost, weakling DESu


You were on level 3 of the Dungeon.
You were not hungry.

You visited 1 branch of the dungeon, and saw 4 of its levels.

You collected 134 gold pieces.


Message History

You now have 125 gold pieces (gained 10).
All of the chunks of flesh in your inventory have rotted away.
You now have 134 gold pieces (gained 9).
f - a murky brown potion MP restored: 12
h - a scroll of remove curse You enter the shallow water.
Moving in this stuff is going to be slow.
You enter the shallow water.
Moving in this stuff is going to be slow.
Found a stone staircase leading down.
Found a falchion.
Found a scroll labeled INESHRISTR PEVAS.
Menkaure is nearby!
Menkaure is nearby!
Here: Menkaure (hasn't noticed you)
The floor.
Unknown command.
You open the door.
There is an open door here.
Found an opulent altar of Gozag and a glowing silver altar of Zin.
Found a faded altar of an unknown god.
Found a radiant altar of Vehumet.
Found a white marble altar of Elyvilon.
There is an open door here.
The worker ant twitches its antennae in your direction.
The worker ant waves its antennae.
The worker ant is too close now for your liking.
The worker ant closely misses you.
Aim: a worker ant You freeze the worker ant.
The worker ant barely misses you.
You now have 11/12 mp.
Aim: a worker ant (lightly wounded)
You miscast Freeze.
You are very lightly contaminated with residual magic.
You shiver with cold.
The worker ant bites you but does no damage.
You now have 10/12 mp.
Aim: a worker ant (lightly wounded)
You freeze the worker ant. The worker ant barely misses you.
You now have 9/12 mp.
Aim: a worker ant (heavily wounded)
You freeze the worker ant. The worker ant bites you.
You take 2 damage, and have 39/41 hp.
You now have 8/12 mp.
Aim: a worker ant (severely wounded)
You freeze the worker ant.
You kill the worker ant!
You now have 7/12 mp.
You start resting.
Health restored: 41 You regained 2 mp, and now have 9/12 mp.
You start resting.
Your magical contamination has completely faded away.
You start resting.
MP restored: 12 Unknown command.
Unknown command.
Unknown command.
You see here a scroll labeled INESHRISTR PEVAS.
j - a scroll labeled INESHRISTR PEVAS Menkaure shouts!
r - 3 fuming green potions (gained 1) Menkaure blazes with dark energy!
Menkaure casts a spell.
Menkaure seems to speed up.
Menkaure calls on the powers of darkness!
Your body is wracked with pain!
You take 15 damage, and have 26/41 hp.
MASSIVE DAMAGE!!
You now have 8/12 mp.
Menkaure calls on the powers of darkness!
Your body is wracked with pain!
* * * LOW HITPOINT WARNING * * *
You take 10 damage, and have 16/41 hp.
MASSIVE DAMAGE!!
You now have 6/12 mp.
There is a stone staircase leading up here.
You climb upwards.
Level annotation: Scuka's ghost, weakling DESu
There is a stone staircase leading down here.
You climb downwards.
Level annotation: Menkaure Menkaure hits you!!
* * * LOW MAGIC WARNING * * *;
* * * LOW HITPOINT WARNING * * *
There is a stone staircase leading up, spattered with blood here.
You take 14 damage, and have 4/41 hp.
MASSIVE DAMAGE!!
You now have 1/12 mp.
Menkaure hits you.
* * * LOW HITPOINT WARNING * * *
You climb upwards.
Level annotation: Scuka's ghost, weakling DESu
There is a stone staircase leading down here.
As you read the scroll labeled INESHRISTR PEVAS, it crumbles to dust.
You hear a loud clanging noise!
It was a scroll of noise.
Menkaure sighs, "Let me perform the rites..."
Menkaure calls on the powers of darkness!
Your body is wracked with pain!
* * * LOW MAGIC WARNING * * *
You now have 1/12 mp.
Okay, then.
It was a potion of curing.
You feel better. Menkaure barely misses you. Menkaure hits you!
* * * LOW MAGIC WARNING * * *
You die...

####### #.....#
#...).#
##.....###########
.......'.......M@#
##.....#######.###
#.....# #.#
#.....# #.#
####### #.#
######## #.#
.......# #.#
.......# #.#
..[....# #.#


You could see Menkaure.

Notes
Turn   | Place    | Note
-------+----------+-------------------------------------------
     0 | D:1      | theanonym the Demonspawn Ice Elementalist began the quest for the Orb.
     0 | D:1      | Reached XP level 1. HP: 13/13 MP: 3/3
   256 | D:1      | HP: 6/13 [kobold/club (5)]
   257 | D:1      | HP: 2/13 [kobold/club (4)]
   631 | D:1      | Reached skill level 3 in Ice Magic
   631 | D:1      | Gained mutation: When hurt, damage is shared between your health and your magic reserves. [demonic ancestry]
   631 | D:1      | Reached XP level 2. HP: 18/19 MP: 3/5
   972 | D:1      | Found a sparkling altar of Nemelex Xobeh.
  1054 | D:1      | Gained mutation: You have sharp toenails. [demonic ancestry]
  1054 | D:1      | Reached XP level 3. HP: 24/24 MP: 5/7
  1146 | D:1      | Learned a level 3 spell: Ozocubu's Armour
  1518 | D:2      | HP: 11/24 [worm (2)]
  1893 | D:2      | Reached skill level 3 in Spellcasting
  2260 | D:2      | Gained mutation: You are partially covered in molten scales. (AC +2) [demonic ancestry]
  2260 | D:2      | Reached XP level 4. HP: 30/30 MP: 6/8
  2266 | D:2      | HP: 13/30 [gnoll (3)]
  2686 | D:2      | Reached skill level 4 in Ice Magic
  2860 | D:2      | HP: 15/30 [gnoll/spear (9)]
  3282 | D:2      | Learned a level 4 spell: Throw Icicle
  3289 | D:2      | Gained mutation: You are mostly covered in molten scales. (AC +3) [demonic ancestry]
  3289 | D:2      | Reached XP level 5. HP: 28/35 MP: 7/10
  3827 | D:3      | Noticed Scuka's ghost (weakling DESu)
  4198 | D:3      | Reached skill level 4 in Spellcasting
  4568 | D:4      | Noticed Menkaure
  4610 | D:4      | Noticed Blork the orc
  4625 | D:4      | Killed Blork the orc
  4625 | D:4      | Reached skill level 5 in Ice Magic
  4731 | D:4      | Reached XP level 6. HP: 38/41 MP: 9/12
  4954 | D:4      | Found an opulent altar of Gozag.
  4954 | D:4      | Found a glowing silver altar of Zin.
  4961 | D:4      | Found a faded altar of an unknown god.
  4963 | D:4      | Found a radiant altar of Vehumet.
  4965 | D:4      | Found a white marble altar of Elyvilon.
  5069 | D:4      | HP: 16/41 [??? (10)]
  5082 | D:4      | HP: 4/41 [Menkaure (14)]
  5086 | D:3      | Slain by Menkaure

Vanquished Creatures
  Blork the orc (D:4)
  A crimson imp (D:4)
  An orc priest (D:3)
  A worker ant (D:4)
  4 gnolls
  4 adders
  3 worms (D:2)
  2 dart slugs (D:2)
  2 leopard geckos
  9 orcs (D:3)
  A giant cockroach (D:1)
  9 goblins
  5 hobgoblins
  5 jackals
  11 kobolds
  3 quokkas
  5 bats
  4 frilled lizards
  A quokka skeleton (D:4)
  6 rats
78 creatures vanquished.
